 Dungeon Crawl Stone Soup version 0.17.1-1-g73c8601 (webtiles) character file.

3403 shmeve the Skirmisher (level 9, -2/80 HPs)
             Began as a Pale Draconian Berserker on Apr 21, 2016.
             Was a High Priest of Trog.
             Slain by an orc warrior
             ... wielding a +0 short sword
              (7 damage)
             ... on level 8 of the Dungeon on Apr 22, 2016.
             The game lasted 00:25:37 (7723 turns).

shmeve the Skirmisher (Pale Draconian Berserker)    Turns: 7723, Time: 00:25:37

Health: -2/80      AC: 12    Str: 23    XL:     9   Next: 75%
Magic:  9/9        EV: 14    Int:  8    God:    Trog [*****.]
Gold:   249        SH:  5    Dex: 10    Spells: 0 memorised, 8 levels left

rFire  . . .     SeeInvis .     w - +0 war axe
rCold  . . .     Clarity  .     (armour unavailable)
rNeg   . . .     SustAt   +     t - +0 buckler
rPois  +         Gourm    .     (helmet restricted)
rElec  .         Spirit   .     m - +1 cloak {rPois}
rCorr  .         Warding  .     k - +0 pair of gloves
rMut   .         Stasis   .     f - +1 pair of boots
MR     .....                    (no amulet)
Stlth  ++........               (no ring)
                                D - ring of sustain attributes

@: exhausted, slowed, very slow, not resistant to hostile enchantments,
unstealthy
A: breathe steam, unfitting armour, cold-blooded, AC +7
a: Breathe Steam, Berserk, Trog's Hand, Brothers in Arms, Burn Spellbooks,
Renounce Religion


You were on level 8 of the Dungeon.
You worshipped Trog.
Trog was extremely pleased with you.
You were near starving.

You visited 1 branch of the dungeon, and saw 8 of its levels.

You collected 352 gold pieces.
You spent 103 gold pieces at shops.

Inventory:

Hand Weapons
 w - a +0 war axe (weapon)
Armour
 f - a +1 pair of boots (worn)
 k - a +0 pair of gloves (worn)
 m - a +1 cloak of poison resistance (worn)
 t - a +0 buckler (worn)
Jewellery
 D - a ring of sustain attributes (left hand)
Wands
 l - a wand of frost (27)
Scrolls
 c - 6 scrolls of identify
 e - 5 scrolls of remove curse
 i - a scroll of recharging {unknown}
 n - a scroll of noise {unknown}
 o - 2 scrolls of immolation {unknown}
 q - 7 scrolls of teleportation {unknown}
 s - a scroll of enchant weapon {unknown}
 x - a scroll of random uselessness {unknown}
 y - 2 scrolls of magic mapping {unknown}
 B - a scroll of enchant armour {unknown}
 E - a scroll of blinking
Potions
 a - a potion of flight {unknown}
 d - a potion of might
 h - 2 potions of heal wounds {unknown}
 j - a potion of lignification {unknown}
 p - 2 potions of berserk rage
 r - 2 potions of haste {unknown}
 v - a potion of curing {unknown}
 z - a potion of brilliance {unknown}
 A - a potion of mutation {unknown}
 F - 2 potions of agility {unknown}
Comestibles
 b - 4 bread rations
 g - a beef jerky
 u - 3 meat rations
 C - a chunk of flesh
 G - a royal jelly


   Skills:
 * Level 7.7 Fighting
 * Level 7.3 Axes
 * Level 6.3 Dodging
 + Level 4.2 Stealth
 * Level 6.9 Shields


You had 8 spell levels left.
You didn't know any spells.

Dungeon Overview and Level Annotations

Branches:
Dungeon (8/15)             Temple (0/1) D:6
   Lair: D:8-11

Altars:
Cheibriados
Fedhas
Gozag
Kikubaaqudgha
Nemelex Xobeh
Okawaru
Ru
Trog
Vehumet
Zin
The Shining One

Shops:
D:4 [:

Annotations:
D:3 exclusion: oklob plant
D:7 exclusion: ice statue


Innate Abilities, Weirdness & Mutations

You can breathe blasts of scalding, opaque steam.
Your pale cyan-grey scales are hard (AC +7).
Your body does not fit into most forms of armour.
You are cold-blooded and may be slowed by cold attacks.


Message History

You tail-slap the orc warrior, but do no damage.
The orc warrior is severely wounded.
The orc warrior hits you with a short sword!!
You hit the orc warrior.
You tail-slap the orc warrior, but do no damage.
The orc warrior is severely wounded.
You have got your breath back.
The orc warrior hits you with a short sword!
* * * LOW HITPOINT WARNING * * *
The orc warrior hits you with a short sword.
* * * LOW HITPOINT WARNING * * *
The orc hits you but does no damage.
You barely miss the orc warrior.
The orc warrior is severely wounded.
You barely miss the orc.
The orc warrior hits you with a short sword!
* * * LOW HITPOINT WARNING * * *
The orc misses you.
The orc warrior hits you with a short sword!
You die...

#≈##.################
##≈..................)
#≈≈................[).
#≈≈.#...........######
#≈≈.....###.###.#
##≈##.#.# # # #.######
.≈##≈....†## ###.......
.≈≈≈≈##)#).##.#.........
......o@))....#....#####
.#....o....#..#....# #
#.##......#./#....# #
.....###[# .#....# #
#.###. #.# .#....# # ..
#. #.. #....# # . #Z
##.. #....# # #.
...#....# # #....## #


You could see an orc warrior, an orc and a giant frog skeleton (wandering).

Vanquished Creatures
  The ghost of pesado the Destroyer, a novice GrFE (D:6)
  2 two-headed ogres (D:8)
  A steam dragon (D:6)
  An orc warrior (D:8)
  A phantom (D:7)
  4 ogres
  A centaur (D:5)
  A big kobold (D:7)
  3 giant frogs
  A scorpion (D:5)
  6 killer bees (D:7)
  An electric eel (D:6)
  4 crimson imps
  3 orc priests
  A quasit (D:7)
  A wasp zombie (D:8)
  2 iguanas
  Crazy Yiuf (D:2)
  2 giant frog skeletons
  A jelly (D:5)
  5 worker ants
  7 hounds
  6 orc wizards
  A killer bee zombie (D:5)
  8 gnolls
  11 adders
  An ooze (D:4)
  2 adder zombies
  2 worms
  3 giant geckos
  41 orcs
  10 bats
  7 goblins
  8 hobgoblins
  18 kobolds
  6 quokkas
  2 ball pythons
  6 giant cockroaches
  6 giant newts
  2 quokka zombies (D:5)
  10 rats
  A fungus (D:2)
201 creatures vanquished.

Notes
Turn   | Place    | Note
--------------------------------------------------------------
     0 | D:1      | shmeve the Draconian Berserker began the quest for the Orb.
     0 | D:1      | Reached XP level 1. HP: 19/19 MP: 1/1
   436 | D:1      | Reached XP level 2. HP: 20/26 MP: 2/2
   673 | D:1      | Reached ** piety under Trog
   884 | D:1      | Reached XP level 3. HP: 33/33 MP: 3/3
  1242 | D:2      | Reached skill level 1 in Stealth
  1538 | D:2      | Reached skill level 4 in Fighting
  1779 | D:2      | Reached XP level 4. HP: 40/40 MP: 4/4
  2120 | D:2      | Noticed Crazy Yiuf
  2130 | D:2      | Killed Crazy Yiuf
  2130 | D:2      | Reached *** piety under Trog
  2367 | D:3      | Reached XP level 5. HP: 47/47 MP: 5/5
  2404 | D:3      | Found a faded altar to an unknown god.
  3290 | D:3      | Found a blossoming altar of Fedhas.
  3304 | D:3      | Noticed an oklob plant
  3540 | D:4      | Found Awurus's Book Boutique.
  3559 | D:4      | Noticed an ogre
  3564 | D:4      | Killed an ogre
  3564 | D:4      | Reached XP level 6. HP: 55/55 MP: 6/6
  3574 | D:4      | Found a blossoming altar of Fedhas.
  3574 | D:4      | Found a bloodstained altar of Trog.
  3577 | D:4      | Found a sparkling altar of Nemelex Xobeh.
  3612 | D:4      | Reached skill level 5 in Fighting
  3919 | D:4      | Found an iron altar of Okawaru.
  3941 | D:4      | Reached skill level 5 in Axes
  4087 | D:4      | Found a snail-covered altar of Cheibriados.
  4137 | D:4      | Reached **** piety under Trog
  4161 | D:4      | Found Onukicut's Antique Armour Shop.
  4169 | D:4      | Bought a buckler for 103 gold pieces
  4210 | D:4      | Found a glowing golden altar of the Shining One.
  4254 | D:4      | Reached skill level 1 in Shields
  4283 | D:4      | Your scales start taking on a pale cyan-grey colour.
  4283 | D:4      | Reached XP level 7. HP: 59/61 MP: 7/7
  4324 | D:4      | Noticed an ogre
  4332 | D:4      | Killed an ogre
  4869 | D:5      | Entered Level 5 of the Dungeon
  5078 | D:5      | Found a sacrificial altar of Ru.
  5373 | D:5      | Reached XP level 8. HP: 69/69 MP: 8/8
  5866 | D:6      | Reached skill level 5 in Shields
  5913 | D:6      | Noticed pesado's ghost (novice GrFE)
  5929 | D:6      | Killed pesado's ghost
  5929 | D:6      | Reached skill level 6 in Fighting
  5939 | D:6      | Reached skill level 5 in Dodging
  6209 | D:6      | Found an opulent altar of Gozag.
  6343 | D:6      | Found a glowing silver altar of Zin.
  6447 | D:6      | Found a staircase to the Ecumenical Temple.
  6613 | D:7      | Reached XP level 9. HP: 72/78 MP: 9/9
  6945 | D:7      | Found a sacrificial altar of Ru.
  6951 | D:7      | Found a radiant altar of Vehumet.
  7038 | D:7      | Noticed an ice statue
  7171 | D:7      | Found an ancient bone altar of Kikubaaqudgha.
  7222 | D:7      | Reached skill level 7 in Fighting
  7534 | D:8      | Reached ***** piety under Trog
  7723 | D:8      | Slain by an orc warrior

Action                   |  1- 3 |  4- 6 |  7- 9 || total
-------------------------+-------+-------+-------++-------
Melee: Hand axe          |   126 |   211 |    60 ||   397
       War axe           |       |       |   223 ||   223
Invok: Berserk           |     1 |     3 |     3 ||     7
       Trog's Hand       |       |     4 |       ||     4
       Burn Spellbooks   |       |       |     1 ||     1
 Abil: Breathe Steam     |       |       |    43 ||    43
  Use: Scroll            |       |       |     3 ||     3
 Stab: Sleeping          |     1 |     4 |     1 ||     6
       Distracted        |       |     1 |       ||     1
  Eat: Chunk             |     3 |    12 |    15 ||    30
       Fruit             |       |     1 |     1 ||     2
       Beef jerky        |       |       |     1 ||     1
